 Dungeon Crawl Stone Soup version 0.29-a0-323-g050149af67 (webtiles) character file.

Game seed: 8111091371219445945

144 greenreed the Insei (level 5, -2/40 HPs)
             Began as a Gnoll Transmuter on Apr 10, 2022.
             Slain by a gnoll
             ... wielding a +0 spear
              (5 damage)
             ... on level 3 of the Dungeon.
             The game lasted 00:08:02 (3907 turns).

greenreed the Insei (Gnoll Transmuter)              Turns: 3907, Time: 00:08:04

Health: -2/40      AC:  2    Str:  9    XL:     5   Next: 26%
Magic:  10/12      EV: 13    Int: 15    God:
Gold:   143        SH:  0    Dex: 12    Spells: 9/14 levels left

rFire   . . .      SeeInvis .   c - +0 dagger
rCold   . . .      Faith    .   (no shield)
rNeg    . . .      Spirit   .   a - +0 robe
rPois   .          Reflect  .   (helmet currently unavailable)
rElec   .          Harm     .   (no cloak)
rCorr   .          Rampage  .   (no gloves)
Will    .....                   (boots currently unavailable)
Stlth   ++........              (no amulet)
HPRegen 0.13/turn               (no ring)
MPRegen 0.13/turn               (no ring)

@: appendages, very slightly contaminated
A: horns 2, talons 2, fangs 1, strong nose, distributed training
a: End Transformation


You were on level 3 of the Dungeon.
You had temporarily grown beastly horns and talons.
You visited 1 branch of the dungeon, and saw 4 of its levels.

You collected 143 gold pieces.

Inventory:

Hand Weapons
 c - a +0 dagger (weapon)
Missiles
 r - 2 poisoned darts
 s - 5 silver boomerangs
Armour
 a - a +0 robe (worn)
 m - a +0 pair of boots (melded)
Scrolls
 d - 4 scrolls of teleportation {unknown}
 f - a scroll of brand weapon {unknown}
 g - 3 scrolls of noise {unknown}
 i - a scroll of fog {unknown}
 j - 2 scrolls of vulnerability {unknown}
 l - a scroll of torment {unknown}
 n - a scroll of blinking {unknown}
 p - a scroll of summoning {unknown}
 q - a scroll of silence {unknown}
Potions
 b - a potion of berserk rage {unknown}
 e - 3 potions of heal wounds {unknown}
 h - a potion of brilliance {unknown}
 k - 3 potions of curing {unknown}
 o - a potion of resistance {unknown}


   Skills:
 + Level 2.9 Fighting
 + Level 1.4 Short Blades
 + Level 1.4 Long Blades
 + Level 1.4 Axes
 + Level 1.4 Maces & Flails
 + Level 1.4 Polearms
 + Level 1.4 Staves
 + Level 1.4 Slings
 + Level 1.4 Bows
 + Level 1.4 Crossbows
 + Level 1.4 Throwing
 + Level 1.4 Armour
 + Level 4.7 Dodging
 + Level 1.4 Stealth
 + Level 1.4 Shields
 + Level 6.7 Unarmed Combat
 + Level 5.2 Spellcasting
 + Level 1.1 Conjurations
 + Level 1.1 Hexes
 + Level 1.1 Summonings
 + Level 1.1 Necromancy
 + Level 1.1 Translocations
 + Level 3.9 Transmutations
 + Level 1.1 Fire Magic
 + Level 1.1 Ice Magic
 + Level 1.1 Air Magic
 + Level 1.1 Earth Magic
 + Level 1.1 Poison Magic
 + Level 1.6 Invocations
 + Level 1.4 Evocations


You had 9 spell levels left.
You knew the following spells:

 Your Spells              Type           Power      Damage    Failure   Level
a - Beastly Appendage     Tmut           30%        N/A       3%          1
b - Wereblood             Tmut           15%        N/A       4%          2
c - Passwall              Tmut/Erth      9%         N/A       9%          2

Your spell library contained the following spells:

 Spells                   Type           Power      Damage    Failure   Level
 Blink                    Tloc           14%        N/A       16%         2
 Ensorcelled Hibernation  Hex/Ice        14%        N/A       16%         2
 Spider Form              Tmut/Pois      11%        N/A       17%         3
 Lesser Beckoning         Tloc           7%         N/A       30%         3
 Summon Guardian Golem    Hex/Summ       7%         N/A       30%         3
 Swiftness                Air            7%         N/A       30%         3
 Ice Form                 Ice/Tmut       11%        N/A       50%         4
 Animate Dead             Necr           3%         N/A       69%         4
 Manifold Assault         Tloc           7%         N/A       95%         5
 Haunt                    Necr/Summ      3%         N/A       100%        7
 Orb of Destruction       Conj           3%         9d5       100%        7
 Spellforged Servitor     Conj/Summ      3%         N/A       100%        7
 Infestation              Necr           3%         N/A       100%        8


Dungeon Overview and Level Annotations

Branches:
Dungeon (4/15)
 Temple: D:4-7

Altars:


Innate Abilities, Weirdness & Mutations

You have temporarily grown beastly horns and talons.
You have very sharp teeth.
Your uncanny sense of smell can sniff out nearby items.
Your experience applies equally to all skills.


Message History

There is a stone staircase leading down here.
Casting: Beastly Appendage (safe; 3% risk of failure)
Confirm with . or Enter, or press ? or * to list all spells.
You grow a pair of large bovine horns.
Your feet morph into talons.
Your +0 pair of boots melds into your body.
The gnoll misses you.
You hit the gnoll.
The gnoll is lightly wounded.
The gnoll hits you with a +0 spear.
You closely miss the gnoll. Your headbutt misses the gnoll.
The gnoll is lightly wounded.
The gnoll barely misses you.
You hit the gnoll but do no damage.
The gnoll is lightly wounded.
The gnoll barely misses you.
You closely miss the gnoll. The gnoll hits you with a +0 spear.
You closely miss the gnoll. Your kick misses the gnoll.
The gnoll closely misses you.
You barely miss the gnoll. Your kick misses the gnoll. You headbutt the gnoll.
The gnoll is lightly wounded.
You hit the gnoll but do no damage. Your kick misses the gnoll.
The gnoll is lightly wounded.
The gnoll hits you with a +0 spear.
You hit the gnoll.
You headbutt the gnoll, but do no damage.
The gnoll is moderately wounded.
The gnoll hits you with a +0 spear.
You closely miss the gnoll. You claw the gnoll. You headbutt the gnoll.
The gnoll is severely wounded.
The gnoll hits you with a +0 spear!
* * * LOW HITPOINT WARNING * * *
Casting: Beastly Appendage (safe; 3% risk of failure)
Confirm with . or Enter, or press ? or * to list all spells.
Aiming: Passwall (safe; 9% risk of failure)
Press: ? - help, Dir - move target A rock wall.
You miscast Passwall.
You are very lightly contaminated with residual magic.
Nothing appears to happen.
The gnoll hits you with a +0 spear.
You die...

'###### ####'##........#
......# #..#........# ......#
##.#........#
......#######.#........#######
......+......................#
.)....######.#...............#
......# #.#.(.............#
......######.##.##...........#
######'.........@#...........#
.....#######.#.g...###########
#....#######.'.....#
#..#.#.......#.....#
#..#.#.#####.#.....#
_≈≈≈≈'.##.<#.#.#..##
#..#.####....#'#..## #..#.#
##.........# #....#
#.........##


You could see a gnoll.

Vanquished Creatures
  Jessica (D:3)
  5 adders
  A gnoll (D:3)
  A worm (D:2)
  A dart slug (D:1)
  An orc (D:3)
  4 endoplasms
  3 giant cockroaches (D:1)
  3 goblins
  3 hobgoblins
  8 jackals
  5 kobolds
  4 quokkas
  3 ball pythons
  6 bats
  3 frilled lizards
  5 rats
57 creatures vanquished.

Notes
Turn   | Place    | Note
-------+----------+-------------------------------------------
     0 | D:1      | greenreed the Gnoll Transmuter began the quest for the Orb.
     0 | D:1      | Reached XP level 1. HP: 17/17 MP: 6/6
   398 | D:1      | Reached XP level 2. HP: 23/23 MP: 5/7
   509 | D:1      | Learned a level 2 spell: Wereblood
  1053 | D:1      | Reached XP level 3. HP: 24/28 MP: 7/9
  1170 | D:1      | Reached skill level 5 in Spellcasting
  1382 | D:2      | Reached skill level 1 in Invocations
  1912 | D:2      | Reached skill level 1 in Short Blades
  1912 | D:2      | Reached skill level 1 in Long Blades
  1912 | D:2      | Reached skill level 1 in Axes
  1912 | D:2      | Reached skill level 1 in Maces & Flails
  1912 | D:2      | Reached skill level 1 in Polearms
  1912 | D:2      | Reached skill level 1 in Staves
  1912 | D:2      | Reached skill level 1 in Slings
  1912 | D:2      | Reached skill level 1 in Bows
  1912 | D:2      | Reached skill level 1 in Crossbows
  1912 | D:2      | Reached skill level 1 in Throwing
  1912 | D:2      | Reached skill level 1 in Armour
  1912 | D:2      | Reached skill level 1 in Stealth
  1912 | D:2      | Reached skill level 1 in Shields
  1912 | D:2      | Reached skill level 1 in Evocations
  2159 | D:2      | Reached XP level 4. HP: 24/34 MP: 9/11
  2608 | D:3      | You fall into a shaft and drop 1 floor!
  2635 | D:3      | Reached skill level 1 in Conjurations
  2635 | D:3      | Reached skill level 1 in Hexes
  2635 | D:3      | Reached skill level 1 in Summonings
  2635 | D:3      | Reached skill level 1 in Necromancy
  2635 | D:3      | Reached skill level 1 in Translocations
  2635 | D:3      | Reached skill level 1 in Fire Magic
  2635 | D:3      | Reached skill level 1 in Ice Magic
  2635 | D:3      | Reached skill level 1 in Air Magic
  2635 | D:3      | Reached skill level 1 in Earth Magic
  2635 | D:3      | Reached skill level 1 in Poison Magic
  3267 | D:3      | Found a faded altar of an unknown god.
  3326 | D:3      | Learned a level 2 spell: Passwall
  3398 | D:3      | Noticed Jessica
  3414 | D:3      | Reached XP level 5. HP: 32/40 MP: 12/12
  3441 | D:3      | Killed Jessica
  3907 | D:3      | Slain by a gnoll

Illustrated notes

Levels and vault maps discovered:
D:1:      ncdulo_smallfort, layout_rooms
D:2:      layout_rooms
D:3:      layout_basic, shapermc_ecumenical_altar_notcrosses,
          minmay_misc_feat_iff, uniq_jessica
D:4:      layout_cave_pools, kennysheep_generic_room_15

Skill      XL: |  1  2  3  4 |
---------------+-------------+-----
Spellcasting   | 5 |  5.2
Invocations    | 1 |  1.6
Short Blades   | 1 |  1.4
Long Blades    | 1 |  1.4
Axes           | 1 |  1.4
Maces & Flails | 1 |  1.4
Polearms       | 1 |  1.4
Staves         | 1 |  1.4
Slings         | 1 |  1.4
Bows           | 1 |  1.4
Crossbows      | 1 |  1.4
Throwing       | 1 |  1.4
Armour         | 1 |  1.4
Stealth        | 1 |  1.4
Shields        | 1 |  1.4
Evocations     | 1 |  1.4
Conjurations   | 1 |  1.1
Hexes          | 1 |  1.1
Summonings     | 1 |  1.1
Necromancy     | 1 |  1.1
Translocations | 1 |  1.1
Fire Magic     | 1 |  1.1
Ice Magic      | 1 |  1.1
Air Magic      | 1 |  1.1
Earth Magic    | 1 |  1.1
Poison Magic   | 1 |  1.1
Fighting       | |  2.9
Dodging        | |  4.7
Unarmed Combat | |  6.7
Transmutations | |  3.9

Action                   |  1- 3 |  4- 6 || total
-------------------------+-------+-------++-------
Melee: Unarmed           |    18 |       ||    18
       Kick              |    21 |    16 ||    37
       Dagger            |   122 |    85 ||   207
       Bite              |    12 |     2 ||    14
       Headbutt          |    13 |    18 ||    31
       Punch             |     2 |     2 ||     4
 Cast: Beastly Appendage |    14 |     9 ||    23
       Wereblood         |     1 |       ||     1
  Use: Potion            |       |     1 ||     1
 Stab: Sleeping          |     1 |       ||     1
Armor: Robe              |    35 |    10 ||    45
       Skin              |       |     7 ||     7
Dodge: Dodged            |   135 |    64 ||   199

Table legend: (Time is in decaauts)
 A = Elapsed time spent in this place.
 B = Non-inter-level travel time spent in this place.
 C = Inter-level travel time spent in this place.
 D = Time resting spent in this place.
 E = Time spent auto-exploring this place.
 F = Levels seen in this place.
 G = Mean time per level.
                   A        B        C        D        E       F      G
               +--------+--------+--------+--------+--------+-----+--------+
         Total |   3896 |   3815 |     81 |    379 |   2863 |   4 |  974.0 |
       Dungeon |   3896 |   3815 |     81 |    379 |   2863 |   4 |  974.0 |
               +--------+--------+--------+--------+--------+-----+--------+

Top non-repeatable levels by time:
     D:3: 1328 daAuts
     D:2: 1288 daAuts
     D:1: 1253 daAuts
     D:4: 26 daAuts
